AoeStats
← 2011perception

Nomad

508406093Analyzed
2v2 RM · 8d ago on Sep 22, 2026· 35m 2s· 4 players
Game mode
Random Map
Map size
176×176
Population
200
Speed
Normal
Resources
Standard
Victory
Conquest
Starting age
Dark Age
Ending age
Imperial Age
RankedLock teamsTeams togetherTeam positionsShared explorationLock speedFull tech treeHidden civsTurbo modeCheats
Victory
Defeat
808
+14
777
+16
🇺🇸 Koreans · United States
777
-15
🇩🇪 Cumans · Germany
760
-15
2011perception
7:19 Loom
17:56 Feudal Age
18:06 Man-at-Arms
21:32 Fishing Lines
24:33 Double-Bit Axe
28:10 Castle Age
27:35 Scale Mail Armor
28:17 Pikeman
30:16 Forging
35:12 Chain Mail Armor
mexgags
3:28 Loom
14:55 Feudal Age
16:04 Double-Bit Axe
16:40 Horse Collar
18:09 Wheelbarrow
17:24 Town Watch
19:01 Stone Mining
20:12 Gold Mining
27:01 Castle Age
26:12 Scale Barding Armor
27:58 Bow Saw
28:14 Heavy Plow
29:25 Gold Shaft Mining
29:35 Gold Shaft Mining
29:32 Forging
30:26 Bloodlines
29:37 Light Cavalry
30:07 Pikeman
31:30 Padded Archer Armor
33:32 Leather Archer Armor
33:08 Fletching
砍德沃.基尔邦硬.香达菲基
6:59 Loom
16:00 Feudal Age
16:32 Double-Bit Axe
17:21 Fishing Lines
22:43 Castle Age
21:31 Forging
21:27 Scale Barding Armor
22:37 Gold Mining
23:00 Bloodlines
23:59 Wheelbarrow
23:36 Bow Saw
23:35 Horse Collar
25:21 Chain Barding Armor
26:56 Iron Casting
26:21 Gillnets
27:00 Husbandry
28:22 Stone Mining
29:10 Gold Shaft Mining
30:50 Town Watch
31:21 Hand Cart
35:53 Imperial Age
35:00 Murder Holes
35:40 Heavy Plow
哈哈哈我不是数字名字
16:09 Feudal Age
17:34 Loom
18:26 Wheelbarrow
18:41 Double-Bit Axe
20:48 Gold Mining
22:06 Horse Collar
22:35 Town Watch
22:34 Fishing Lines
23:38 Stone Mining
26:20 Castle Age
25:34 Forging
26:04 Man-at-Arms
28:20 Bow Saw
28:13 Heavy Plow
29:10 Gillnets
30:47 Fletching
31:32 Iron Casting
30:58 Scale Mail Armor
31:25 Bodkin Arrow
Connection lost

Rejoining the realm…

Still unreachable

The connection could not be restored.

Session expired

The server has moved on; the page needs a fresh start.